 Dungeon Crawl Stone Soup version 0.29-a0-555-g3b24f45cc1 (webtiles) character file.

Game seed: 9064804098855578556

3318 ptdevnull the Slicer (level 9, 0/52 HPs)
             Began as a Vampire Necromancer on June 7, 2022.
             Was an Initiate of Yredelemnul.
             Slain by a sixfirhy (5 damage)
             ... summoned by an orc sorcerer
             ... in a bailey on June 8, 2022.
             The game lasted 00:27:03 (6912 turns).

ptdevnull the Slicer (Vampire Necromancer)          Turns: 6912, Time: 00:27:03

Health: 0/52       AC:  4    Str:  7    XL:     9   Next: 71%
Magic:  20/22      EV: 14    Int: 21    God:    Yredelemnul [......]
Gold:   305        SH:  0    Dex: 15    Spells: 1/14 levels left

rFire   . . .      SeeInvis +   a - +2 dagger (venom)
rCold   + + .      Faith    .   (no shield)
rNeg    + + +      Spirit   .   y - +1 robe {Will+}
rPois   ∞          Reflect  .   (no helmet)
rElec   .          Harm     .   (no cloak)
rCorr   .          Rampage  .   (no gloves)
Will    +....                   g - +0 pair of boots
Stlth   +++++.....              j - amulet of regeneration
HPRegen 0.00/turn               m - ring of magical power
MPRegen 0.18/turn               E - ring of wizardry

@: bloodless, inhibited regen, hasted, very quick
A: bloodless, fangs 3, see invisible, vampiric 2
a: Bat Form, Revivify, Renounce Religion, Recall Undead Harvest


You were in a bailey.
You worshipped Yredelemnul.
Yredelemnul was noncommittal.
You visited 2 branches of the dungeon, and saw 8 of its levels.
You also visited: Bailey.

You collected 305 gold pieces.

Inventory:

Hand Weapons
 a - a +2 dagger of venom (weapon)
 b - a +2 short sword of freezing
 o - a +0 rapier
Armour
 g - a +0 pair of boots (worn)
 i - a +0 robe
 y - a +1 robe of willpower (worn)
Jewellery
 j - an amulet of regeneration (around neck)
 m - a ring of magical power (left hand)
 B - a ring of fire
 E - a ring of wizardry (right hand)
 I - a +6 ring of strength
Wands
 t - a wand of acid (4)
 x - a wand of iceblast (7)
 C - a wand of paralysis (8)
 G - a wand of polymorph (6)
Scrolls
 c - 3 scrolls of enchant weapon
 d - 2 scrolls of fog
 e - 3 scrolls of amnesia
 r - a scroll of enchant armour {unknown}
 s - a scroll of poison {unknown}
 u - a scroll of silence
 A - 5 scrolls of teleportation
 D - a scroll of immolation {unknown}
 F - 2 scrolls of magic mapping {unknown}
Potions
 f - a potion of flight {unknown}
 h - a potion of brilliance {unknown}
 k - a potion of magic
 l - 3 potions of berserk rage
 n - 2 potions of degeneration {unknown}
 p - 4 potions of heal wounds
 q - a potion of resistance {unknown}
 w - 3 potions of curing
 z - a potion of lignification {unknown}
 H - a potion of might {unknown}


   Skills:
 - Level 4.0 Fighting
 * Level 9.7 Short Blades
 - Level 6.0 Dodging
 - Level 7.0 Stealth
 - Level 3.1 Spellcasting
 + Level 4.4 Hexes
 + Level 6.3 Necromancy
 + Level 3.0 Ice Magic


You had one spell level left.
You knew the following spells:

 Your Spells              Type           Power      Damage    Failure   Level
a - Necrotize             Necr           100%       1d9       1%          1
b - Vampiric Draining     Necr           29%        2d8       1%          3
c - Animate Dead          Necr           29%        N/A       4%          4
d - Ensorcelled Hibernat  Hex/Ice        38%        N/A       1%          2
e - Frozen Ramparts       Ice            32%        1d5       4%          3

Your spell library contained the following spells:

 Spells                   Type           Power      Damage    Failure   Level
 Ozocubu's Armour         Ice            16%        N/A       4%          3
 Anguish                  Hex/Necr       12%        N/A       6%          4
 Agony                    Necr           29%        N/A       11%         5
 Spider Form              Tmut/Pois      3%         N/A       16%         3
 Ice Form                 Ice/Tmut       9%         N/A       26%         4
 Summon Ice Beast         Ice/Summ       9%         N/A       26%         4
 Summon Mana Viper        Hex/Summ       12%        N/A       50%         5
 Summon Forest            Summ/Tloc      1%         N/A       78%         5
 Summon Cactus Giant      Summ           1%         N/A       100%        6
 Ozocubu's Refrigeration  Ice            8%         4d6       100%        7


Dungeon Overview and Level Annotations

Branches:
Dungeon (7/15)             Temple (1/1) D:4          Bailey (1/1)

Altars:
Ashenzari
Cheibriados
Dithmenos
Elyvilon
Fedhas
Hepliaklqana
Kikubaaqudgha
Makhleb
Nemelex Xobeh
Okawaru
Ru
Uskayaw
Vehumet
Wu Jian
Xom
Yredelemnul
Zin
The Shining One

Shops:
D:6 !*((


Innate Abilities, Weirdness & Mutations

You do not regenerate when monsters are visible.
You are frail without blood (-20% HP).
You can heal yourself when you bite living creatures.
You are immune to poison.
You have razor-sharp teeth.
You have supernaturally acute eyesight. (SInv)
You are afflicted with vampirism and can become a bat while bloodless.


Message History

Press: ? - help, v - describe, . - travel, g - get item
Here: a sixfirhy (summoned)
Items here: a +0 war axe; a +0 ring mail.
An open door.
You hit the sixfirhy.
The sixfirhy is lightly wounded.
The sixfirhy hits you but does no damage.
The sixfirhy closely misses you.
You barely miss the sixfirhy.
The sixfirhy is lightly wounded.
The sixfirhy hits you! The sixfirhy shocks you!
You hit the sixfirhy. Your bite misses the sixfirhy.
The sixfirhy is lightly wounded.
You hit the sixfirhy. Your bite misses the sixfirhy.
The sixfirhy is lightly wounded.
You hit the sixfirhy but do no damage.
The sixfirhy is poisoned.
You punch the sixfirhy.
The sixfirhy is moderately wounded.
You miss the sixfirhy.
The sixfirhy is moderately wounded.
You hit the sixfirhy but do no damage.
The sixfirhy looks as sick as possible!
You bite the sixfirhy, but do no damage.
The sixfirhy is moderately wounded.
The orc sorcerer gestures wildly while chanting.
You hit the sixfirhy.
The sixfirhy is moderately wounded.
You barely miss the sixfirhy.
The sixfirhy is moderately wounded.
You miss the sixfirhy. Your bite misses the sixfirhy.
The sixfirhy is heavily wounded.
The sixfirhy hits you.
* * * LOW HITPOINT WARNING * * *
The sixfirhy shocks you!
* * * LOW HITPOINT WARNING * * *
The orc sorcerer shouts, "You are history!"
You closely miss the sixfirhy.
The sixfirhy is heavily wounded.
The sixfirhy barely misses you. The sixfirhy hits you.
You die...
Yredelemnul claims you as an undead slave.

'.....# )).⌠..#
')....# #.....#
#''##### #..)...#
#......#
####...###########
##.#
#.8)8.8.)....@#....#
#.....))#.....33...#
###############..#+#
..# ##


You could see a sixfirhy (summoned, extremely poisoned) and a ynoxinul
(summoned).

Vanquished Creatures
  Pikel (D:4)
  A steam dragon (D:6)
  4 orc warriors
  A black bear (D:5)
  An ice beast (D:5)
  A centaur (D:6)
  A phantom (D:6)
  Blork the orc (D:6)
  A bullfrog (Temple)
  6 necrophages
  3 scorpions
  2 howler monkeys
  2 electric eels (Bailey)
  6 hounds
  2 jellies (D:5)
  5 orc priests
  5 orc wizards
  3 iguanas
  A howler monkey zombie (D:5)
  16 gnolls
  7 adders
  A shadow imp (D:5)
  2 white imps
  2 worms
  3 dart slugs
  26 orcs
  5 ball pythons
  7 endoplasms
  A giant cockroach (D:1)
  20 goblins
  15 hobgoblins
  8 jackals
  2 quokkas
  6 bats
  2 frilled lizards
  3 kobolds
  A rat (D:1)
  A bush (D:5)
175 creatures vanquished.

Vanquished Creatures (collateral kills)
  An ice beast (D:5)
  An orc warrior (Bailey)
  2 lemures (D:4)
  2 orc wizards (D:7)
  2 gnolls
  2 orcs (D:7)
10 creatures vanquished.

Vanquished Creatures (others)
  2 scorpion zombies
  3 hound zombies
  A howler monkey zombie (D:6)
  A worm zombie (D:5)
  2 adder zombies
  2 jelly zombies (D:5)
  A spectral white imp (D:5)
  3 gnoll zombies
  A dart slug zombie (D:5)
  An endoplasm zombie (D:4)
  2 goblin zombies (Bailey)
  2 hobgoblin zombies
  A jackal zombie (D:5)
  12 orc zombies
  9 plants (D:5)
43 creatures vanquished.

Grand Total: 228 creatures vanquished

Notes
Turn   | Place    | Note
-------+----------+-------------------------------------------
     0 | D:1      | ptdevnull the Vampire Necromancer began the quest for the
                  | Orb.
     0 | D:1      | Reached XP level 1. HP: 13/13 MP: 3/3
   265 | D:1      | Reached XP level 2. HP: 19/19 MP: 0/5
   965 | D:1      | Gained mutation: You are afflicted with vampirism and can
                  | become a bat while bloodless. [Vampire growth]
   965 | D:1      | Reached XP level 3. HP: 24/24 MP: 4/7
  1055 | D:1      | Reached skill level 5 in Necromancy
  1473 | D:2      | Found a faded altar of an unknown god.
  2000 | D:2      | Reached skill level 1 in Short Blades
  2000 | D:2      | Reached XP level 4. HP: 28/30 MP: 8/8
  2030 | D:2      | Learned a level 3 spell: Vampiric Draining
  2035 | D:2      | Learned a level 4 spell: Animate Dead
  2306 | D:3      | Found a snail-covered altar of Cheibriados.
  2356 | D:3      | Found a hide-covered altar of Uskayaw.
  2362 | D:3      | Reached skill level 2 in Short Blades
  2584 | D:3      | Noticed a scorpion
  2587 | D:3      | Killed a scorpion
  2588 | D:3      | Reached skill level 3 in Short Blades
  2588 | D:3      | Reached XP level 5. HP: 35/35 MP: 9/9
  2993 | D:4      | Noticed Pikel
  2993 | D:4      | Noticed a lemure
  2993 | D:4      | Noticed a lemure
  2993 | D:4      | Noticed a lemure
  2996 | D:4      | Noticed a lemure
  3047 | D:4      | Found a staircase to the Ecumenical Temple.
  3065 | Temple   | Entered the Ecumenical Temple
  3076 | Temple   | Reached skill level 4 in Short Blades
  3198 | Temple   | Became a worshipper of Yredelemnul the Dark
  3306 | D:4      | Reached skill level 5 in Short Blades
  3306 | D:4      | Reached XP level 6. HP: 41/41 MP: 10/10
  3398 | D:4      | Reached * piety under Yredelemnul
  3428 | D:4      | Killed Pikel
  3429 | D:4      | Reached skill level 7 in Short Blades
  3429 | D:4      | Reached XP level 7. HP: 14/46 MP: 11/11
  3553 | D:4      | Reached skill level 8 in Short Blades
  3854 | D:5      | Entered Level 5 of the Dungeon
  3959 | D:5      | Reached skill level 1 in Fighting
  4003 | D:5      | Reached XP level 8. HP: 53/55 MP: 12/12
  4210 | D:5      | Found a blossoming altar of Fedhas.
  4368 | D:5      | Reached skill level 5 in Stealth
  4553 | D:5      | Learned a level 2 spell: Ensorcelled Hibernation
  4570 | D:5      | Reached ** piety under Yredelemnul
  5157 | D:5      | Reached skill level 5 in Dodging
  5233 | D:6      | Found Ducril's Antique Weapon Shop.
  5273 | D:6      | Found a sacrificial altar of Ru.
  5461 | D:6      | Found Ucaubut's Distillery.
  5481 | D:6      | Reached XP level 9. HP: 50/52 MP: 13/13
  5552 | D:6      | Reached skill level 1 in Hexes
  5597 | D:6      | Reached skill level 1 in Ice Magic
  5638 | D:6      | Found a burning altar of Makhleb.
  5698 | D:6      | Noticed Blork the orc
  5726 | D:6      | Killed Blork the orc
  5813 | D:6      | Found Coma's Antique Weapon Shop.
  5827 | D:6      | Your ally Blork died
  5882 | D:6      | Found Suxe's Assorted Antiques.
  5927 | D:6      | Found a broken altar of Ashenzari.
  6073 | D:6      | Found an ancient bone altar of Kikubaaqudgha.
  6124 | D:6      | Found a shimmering altar of Xom.
  6135 | D:6      | Found a shimmering altar of Xom.
  6276 | D:7      | Reached skill level 9 in Short Blades
  6557 | D:7      | Reached *** piety under Yredelemnul
  6596 | D:7      | Found a flagged portal.
  6605 | Bailey   | Entered a bailey
  6674 | Bailey   | Learned a level 3 spell: Frozen Ramparts
  6890 | Bailey   | Noticed an orc sorcerer
  6899 | Bailey   | Noticed a sixfirhy
  6912 | Bailey   | Slain by a sixfirhy

Illustrated notes

Levels and vault maps discovered:
D:1:      dpeg_arrival_rooms_b, layout_loops_ring,
          hangedman_decor_diamond_cutter
D:2:      minmay_angry_zag, layout_loops_ring,
          ebering_ecumenical_altar_petrified
D:3:      layout_loops_cross, kennysheep_slug_shrine,
          nicolae_uskayaw_murder_on_the_dancefloor
D:4:      layout_basic, minmay_temple_entry_sparse_star, uniq_pikel
D:5:      minmay_general_purpose_star, layout_basic,
          mainiacjoe_overflow_24_doors, fedhas_altar_decomposition
D:6:      layout_loops_ring, nicolae_ru_awakened_eye,
          mainiacjoe_overflow_concentric_impassable, xom_redecorated,
          mainiacjoe_overflow_six_doors_small, mainiacjoe_overflow_alcove_1,
          serial_shops, shop, nicolae_stop_n_shop_2, shop,
          nicolae_stop_n_shop_1, uniq_blork_the_orc
D:7:      layout_gridville, nicolae_qazlal_general_emergency, enter_bailey_2,
          nicolae_sextant
Temple:   kb_temple_of_zot
Bailey:   bailey_axe_of_yendor_kennysheep, bailey

Skill      XL: |  1  2  3  4  5  6  7  8  9 |
---------------+----------------------------+-----
Necromancy     | 5 6 |  6.3
Spellcasting   | 3 |  3.1
Short Blades   | 1 3 5 7 8 9 |  9.7
Fighting       | 1 4 |  4.0
Dodging        | 3 6 |  6.0
Stealth        | 4 7 |  7.0
Hexes          | 4 |  4.4
Ice Magic      | 3 |  3.0

Action                   |  1- 3 |  4- 6 |  7- 9 || total
-------------------------+-------+-------+-------++-------
Melee: Unarmed           |    22 |       |       ||    22
       Bite              |     3 |     6 |    72 ||    81
       Dagger            |    36 |    76 |   338 ||   450
       Punch             |       |       |     7 ||     7
       Short sword       |       |       |   133 ||   133
 Cast: Necrotize         |    64 |    14 |    46 ||   124
       Vampiric Draining |       |       |     8 ||     8
       Frozen Ramparts   |       |       |     2 ||     2
       Ensorcelled Hiber |       |       |     1 ||     1
Invok: Recall Undead Har |       |       |     5 ||     5
 Abil: Exsanguinate      |       |       |     2 ||     2
Evoke: Wand              |       |     2 |       ||     2
  Use: Scroll            |       |     3 |     5 ||     8
       Potion            |       |       |     3 ||     3
 Stab: Sleeping          |     1 |     8 |    11 ||    20
Armor: Robe              |    19 |    12 |    37 ||    68
Dodge: Dodged            |    40 |    49 |   186 ||   275

Table legend: (Time is in decaauts)
 A = Elapsed time spent in this place.
 B = Non-inter-level travel time spent in this place.
 C = Inter-level travel time spent in this place.
 D = Time resting spent in this place.
 E = Time spent auto-exploring this place.
 F = Levels seen in this place.
 G = Mean time per level.
                   A        B        C        D        E       F      G
               +--------+--------+--------+--------+--------+-----+--------+
         Total |   6687 |   6282 |    405 |    446 |   4450 |   9 |  743.0 |
       Dungeon |   6243 |   5892 |    351 |    414 |   4200 |   7 |  891.9 |
        Temple |    160 |    106 |     54 |      0 |     82 |   1 |  160.0 |
        Bailey |    283 |    283 |      0 |     32 |    168 |   1 |  283.0 |
               +--------+--------+--------+--------+--------+-----+--------+

Top non-repeatable levels by time:
     D:5: 1388 daAuts
     D:1: 1305 daAuts
     D:3: 863 daAuts
     D:6: 832 daAuts
     D:2: 800 daAuts
     D:4: 700 daAuts
     D:7: 351 daAuts
  Bailey: 283 daAuts
  Temple: 160 daAuts
